 Dungeon Crawl Stone Soup version 0.24-a0-22-g2a401c0 (webtiles) character file.

Game seed: 10410468033821987661

35690 Inarius the Unseen (level 13, 0/55 HPs)
             Began as a Felid Fighter on Jan 31, 2019.
             Was the Champion of Dithmenos.
             Slain by an orc warrior
             ... wielding a +0 glaive
              (23 damage)
             ... on level 2 of the Orcish Mines on Feb 1, 2019.
             The game lasted 01:34:26 (39045 turns).

Inarius the Unseen (Felid Fighter)                 Turns: 39045, Time: 01:34:27

Health: 0/55       AC:  3    Str: 11 (14) XL:     13   Next: 49%
Magic:  14/25      EV: 27    Int:  7 (11) God:    Dithmenos [******]
Gold:   2627       SH:  0    Dex: 23      Spells: 15/24 levels left
                                        Lives:  0   Deaths: 4

rFire    + + .     SeeInvis +     - Unarmed
rCold    + + .     Gourm    .   (shield unavailable)
rNeg     . . .     Faith    .   (armour unavailable)
rPois    +         Spirit   .   (helmet unavailable)
rElec    .         Reflect  .   (cloak unavailable)
rCorr    .         Harm     .   (gloves unavailable)
MR       ++...                  (boots unavailable)
Stlth    ++++++++++             (no amulet)
HPRegen  0.18/turn              O - ring of protection from fire
MPRegen  0.19/turn              P - ring of Wariness {rPois rF+ rC+ MR+ Dex+4}

@: wreathed by umbra, quick
A: very small, no armour, no weapons or thrown items, stealth, claws 1, fangs 3,
see invisible, carnivore, deterioration 1, speed 1, high mp 1, shaggy fur 3,
slow metabolism 1, strong 1, MP-powered wands, sharp paws
a: Shadow Step, Shadow Form, Renounce Religion


You were on level 2 of the Orcish Mines.
You worshipped Dithmenos.
Dithmenos was exalted by your worship.
You were very full.

You visited 4 branches of the dungeon, and saw 21 of its levels.
You also visited: Ice Cave and Volcano.

You collected 2627 gold pieces.

Inventory:

Jewellery
 c - an uncursed ring of magical power
 e - an uncursed ring of stealth
 k - an uncursed ring of fire
 l - an uncursed ring of protection from magic
 n - an uncursed ring of resist corrosion
 x - an uncursed ring of stealth
 A - an uncursed ring of wizardry
 F - an uncursed ring of protection from cold
 O - a ring of protection from fire (left paw)
 P - the ring of Wariness (right paw) {rPois rF+ rC+ MR+ Dex+4}
   (You found it in an ice cave)

   [ring of protection from cold]

   It affects your dexterity (+4).
   It protects you from fire.
   It protects you from cold.
   It protects you from poison.
   It affects your resistance to hostile enchantments.
 Q - an uncursed ring of ice
 R - an uncursed ring of stealth
 S - a +5 ring of strength
 T - an uncursed ring of protection from magic
Wands
 p - a wand of digging (4)
 v - a wand of flame (37)
 y - a wand of enslavement (7)
Scrolls
 g - 5 scrolls of fog
 h - a scroll of enchant armour {unknown}
 q - 5 scrolls of teleportation
 s - a scroll of immolation {unknown}
 t - a scroll of amnesia {unknown}
 w - a scroll of vulnerability {unknown}
 B - 12 scrolls of remove curse
 D - a scroll of holy word {unknown}
 J - a scroll of noise {unknown}
 K - a scroll of torment {unknown}
 L - a scroll of summoning {unknown}
Potions
 a - a potion of might
 d - 3 potions of flight {unknown}
 f - 3 potions of agility
 i - 2 potions of invisibility {unknown}
 j - 6 potions of brilliance
 m - 3 potions of haste {unknown}
 o - 6 potions of curing
 r - 5 potions of heal wounds
 u - a potion of berserk rage {unknown}
 z - 3 potions of lignification
 G - a potion of magic {unknown}
 I - a potion of experience {unknown}
Comestibles
 b - 27 rations
 C - 2 chunks of flesh


   Skills:
 + Level 5.8 Fighting
 + Level 9.5 Dodging
 + Level 17.3 Stealth
 + Level 13.7 Unarmed Combat
 + Level 6.4 Spellcasting
 - Level 10.4 Hexes
 * Level 5.9 Transmutations
 * Level 10.4 Invocations
 - Level 8.5 Evocations


You had 15 spell levels left.
You knew the following spells:

 Your Spells              Type           Power        Failure   Level  Hunger
a - Confusing Touch       Hex            ###...       1%          1    #......
b - Confuse               Hex            ###.....     1%          3    ###....
c - Blade Hands           Tmut           ##........   52%         5    ######.

Your spell library contained the following spells:

 Spells                   Type           Power        Failure   Level  Hunger
 Beastly Appendage        Tmut           ##....       2%          1    #......
 Sticks to Snakes         Tmut           ##......     3%          2    ##.....
 Inner Flame              Hex/Fire       #.......     9%          3    ###....
 Passwall                 Tmut/Erth      #.......     11%         2    ##.....
 Spider Form              Tmut/Pois      #.........   22%         3    ###....
 Animate Skeleton         Necr           N/A          24%         1    #......
 Apportation              Tloc           #.....       24%         1    #......
 Flame Tongue             Conj/Fire      #....        24%         1    #......
 Infusion                 Chrm           #...         24%         1    #......
 Sandblast                Erth           #.....       24%         1    #......
 Summon Small Mammal      Summ           #...         24%         1    #......
 Yara's Violent Unravell  Hex/Tmut       ##........   24%         5    ######.
 Shroud of Golubria       Chrm/Tloc      #.........   36%         2    ##.....
 Song of Slaying          Chrm           #.......     36%         2    ##.....
 Throw Flame              Conj/Fire      #.....       36%         2    ##.....
 Ice Form                 Ice/Tmut       #.......     56%         4    #####..
 Petrify                  Tmut/Erth      #.......     56%         4    #####..
 Conjure Flame            Conj/Fire      #.......     58%         3    ###....
 Gell's Gravitas          Tloc           #.........   58%         3    ###....
 Regeneration             Chrm/Necr      #.........   58%         3    ###....
 Stone Arrow              Conj/Erth      #.....       58%         3    ###....
 Metabolic Englaciation   Hex/Ice        #.........   63%         5    ######.
 Sticky Flame             Conj/Fire      #.......     94%         4    #####..
 Fireball                 Conj/Fire      #.........   100%        5    ######.
 Lee's Rapid Deconstruct  Erth           #.........   100%        5    ######.
 Spectral Weapon          Hex/Chrm       Unusable     N/A         3    N/A

Dungeon Overview and Level Annotations

Branches:
Dungeon (12/15)            Temple (1/1) D:4            Lair (6/6) D:8
  Swamp (0/4) Lair:3       Spider (0/4) Lair:4        Slime (0/5) Lair:6
    Orc (2/2) D:10            Elf (0/3) Orc:2

Altars:
Ashenzari
Cheibriados
Dithmenos
Elyvilon
Fedhas
Gozag
Hepliaklqana
Kikubaaqudgha
Makhleb
Nemelex Xobeh
Okawaru
Qazlal
Ru
Sif Muna
Trog
Uskayaw
Vehumet
Wu Jian
Xom
Yredelemnul
Zin
The Shining One
Beogh
Jiyva

Shops:
Orc:2 [%[=

Annotations:
D:4 Eustachio
D:9 exclusion: oklob plant
D:10 3 runed translucent doors, Karim's ghost, journeyman NaFi


Innate Abilities, Weirdness & Mutations

You cannot wear armour.
You are incapable of wielding weapons or throwing items.
Your paws allow you to move quietly. (Stealth)
You have sharp claws.
You have razor-sharp teeth.
You have supernaturally acute eyesight. (SInv)
You are carnivorous and can eat meat at any time.
You cover ground quickly.
Your thick and shaggy fur keeps you warm. (AC +3, rC+)
You have a slow metabolism.
Your sharp claws are effective at attacking unaware monsters.
Your body sometimes deteriorates upon taking damage.
You have an increased reservoir of magic. (+10% MP)
Your muscles are strong. (Str +2)
You expend magic power (3 MP) to strengthen your wands.


Message History

You start resting.
An orc warrior opens the door.
It is wielding a +0 glaive.
Things that are here:
a cursed -1 plate armour; a +0 mace
Casting: Confuse (safe; 1% risk of failure)
Confirm with . or Enter, or press ? or * to list all spells.
Aiming: Confuse (safe; 1% risk of failure)
Press: ? - help, Shift-Dir - straight line, f/p - orc warrior
Aim: an orc warrior, wielding a +0 glaive and wearing a +0 chain mail (umbra, chance to defeat MR: 47%)
The orc warrior resists with some effort.
Casting: Confuse (safe; 1% risk of failure)
Confirm with . or Enter, or press ? or * to list all spells.
Aiming: Confuse (safe; 1% risk of failure)
Press: ? - help, Shift-Dir - straight line, f/p - orc warrior
Aim: an orc warrior, wielding a +0 glaive and wearing a +0 chain mail (umbra, chance to defeat MR: 47%)
The orc warrior resists with some effort.
Your shadow mimicks your spell!
The orc warrior resists with some effort.
The orc warrior hits you from afar with a +0 glaive!!
You die...

........#.####.#####.####.#..##..
........###..........#.)#.####...
.......####.####.....#!.'.####...
#......'....#..#..⌠..#..#....'...
#......####.'..#.....####.######.
#.....#####.#..#......)...#### #.
#♣...###..#.####.#####.####..# ##
##..####..'[.....#.[(#....').# #
#≈..#.##..#....#@#...#....#..# #
≈≈...######....#.##'##....#######
≈≈≈.###...#....#.o........#.).##.
≈#≈## #...#.##'###.###'##.#...#.#
#### ##'##.#..[##[##...#.##'####
#....#...##[##...#....#
###########'########### ####
#####...)[(..[##### ...##
###...§§§.8.8)).[([[### #


You could see an orc warrior.

Vanquished Creatures
  Gastronok (Orc:1)
  Nessos (Lair:5)
  Snorg (Orc:1)
  Harold (Lair:1)
  7 hydras
  2 ice dragons (IceCv)
  Erolcha (D:12)
  A catoblepas (Lair:6)
  4 two-headed ogres
  5 death yaks
  2 orc high priests (Orc:2)
  An unseen horror (D:11)
  4 orc knights
  An orb spider (Lair:4)
  6 orc sorcerers
  2 cyclopes
  2 ugly things (Volcano)
  2 manticores (Lair:6)
  7 elephants
  2 ice statues (IceCv)
  4 black mambas
  A gargoyle (D:11)
  13 spiny frogs
  2 molten gargoyles (Volcano)
  A smoke demon (Volcano)
  Psyche (D:9)
  5 rime drakes
  3 komodo dragons
  A polar bear (Lair:6)
  3 trolls
  8 blink frogs
  A hornet (D:12)
  9 dream sheep
  9 hippogriffs
  A spriggan (D:7)
  31 yaks
  A wyvern (D:9)
  6 vampire mosquitoes (Lair:3)
  5 fire bats (Volcano)
  7 wraiths
  A basilisk (Lair:2)
  A killer bee (D:8)
  A hungry ghost (D:11)
  4 wargs
  7 water moccasins
  6 porcupines
  2 hell hounds (Volcano)
  48 orc warriors
  2 sky beasts
  2 black bears
  3 phantoms
  A necrophage (D:9)
  14 ice beasts
  An eye of draining (D:3)
  16 wolves
  13 ogres
  4 centaurs
  12 crocodiles
  11 bullfrogs
  2 big kobolds
  2 wyvern skeletons (D:11)
  7 scorpions
  3 howler monkeys
  3 wights (D:8)
  2 bullfrog zombies
  2 centaur zombies
  5 crimson imps
  10 jellies
  7 hounds
  Crazy Yiuf (D:6)
  2 bullfrog skeletons
  36 orc priests
  4 centaur skeletons
  31 orc wizards
  3 iguanas
  8 worker ants
  Robin (D:4)
  2 worker ant zombies
  7 adders
  3 shadow imps
  11 oozes
  2 adder zombies
  2 adder skeletons
  3 worms
  11 leopard geckos
  133 orcs
  2 ball pythons
  6 giant cockroaches
  16 goblins
  13 hobgoblins
  12 jackals
  10 kobolds
  4 quokkas
  16 bats
  8 frilled lizards
  A jackal zombie (D:4)
  A quokka zombie (D:5)
  8 rats
  A plant (Lair:6)
715 creatures vanquished.

Vanquished Creatures (collateral kills)
  A fire bat (Volcano)
  2 ice beasts (IceCv)
  2 killer bees (D:8)
  3 lava snakes (Volcano)
  2 orc priests (Orc:2)
  2 orcs (Orc:2)
12 creatures vanquished.

Vanquished Creatures (others)
  Josephine (Orc:1)
  An orc high priest (Orc:2)
  A lava snake (Volcano)
  3 killer bees (D:8)
  An orc priest (Orc:2)
  A bush (Lair:4)
  34 fungi
  17 plants
59 creatures vanquished.

Grand Total: 786 creatures vanquished

Notes
Turn   | Place    | Note
-------+----------+-------------------------------------------
     0 | D:1      | Inarius the Felid Fighter began the quest for the Orb.
     0 | D:1      | Reached XP level 1. HP: 10/10 MP: 2/2
   508 | D:1      | Reached XP level 2. HP: 12/14 MP: 3/3
   890 | D:1      | Reached skill level 1 in Stealth
  1640 | D:2      | Reached XP level 3. HP: 17/17 MP: 4/4
  1662 | D:1      | Reached skill level 2 in Stealth
  2081 | D:2      | Reached XP level 4. HP: 21/21 MP: 5/5
  3040 | D:3      | Noticed an ogre
  3505 | D:3      | Reached skill level 3 in Stealth
  3509 | D:3      | Found a bloodstained altar of Trog.
  3614 | D:3      | Reached skill level 5 in Unarmed Combat
  4098 | D:3      | Reached XP level 5. HP: 20/25 MP: 6/6
  4362 | D:3      | Reached skill level 4 in Stealth
  4484 | D:3      | Killed an ogre
  4484 | D:3      | Reached skill level 5 in Stealth
  4484 | D:3      | Gained mutation: You are covered in thick fur. (AC +2)
                  | [Felid growth]
  4484 | D:3      | Reached XP level 6. HP: 28/28 MP: 7/7
  4543 | D:3      | Found a faded altar of an unknown god.
  4695 | D:3      | Found a bloodstained altar of Trog.
  4864 | D:4      | Found a hazy altar of Hepliaklqana.
  4864 | D:4      | Found an ornate altar of the Wu Jian Council.
  5513 | D:4      | Reached skill level 6 in Stealth
  6195 | D:4      | Noticed Eustachio
  6259 | D:4      | Reached XP level 7. HP: 32/32 MP: 8/8
  6336 | D:4      | Noticed Robin
  6444 | D:4      | Killed Robin
  6564 | D:4      | Found a staircase to the Ecumenical Temple.
  6573 | Temple   | Entered the Ecumenical Temple
  6705 | Temple   | Became a worshipper of Dithmenos the Shadowed
  6879 | D:5      | Entered Level 5 of the Dungeon
  6890 | D:5      | Reached skill level 5 in Dodging
  7305 | D:5      | Reached skill level 7 in Stealth
  7723 | D:5      | Learned a level 1 spell: Confusing Touch
  7727 | D:5      | Learned a level 3 spell: Confuse
  7817 | D:5      | Reached XP level 8. HP: 36/36 MP: 9/9
  7968 | D:6      | Reached skill level 1 in Hexes
  7975 | D:6      | Reached * piety under Dithmenos
  8046 | D:6      | Reached skill level 5 in Fighting
  8046 | D:6      | Reached skill level 8 in Stealth
  8064 | D:6      | Reached skill level 1 in Spellcasting
  8064 | D:6      | Reached skill level 1 in Invocations
  8269 | D:6      | Found a hide-covered altar of Uskayaw.
  8311 | D:6      | Found a basalt altar of Yredelemnul.
  8543 | D:6      | Found a white marble altar of Elyvilon.
  8773 | D:6      | Found a glowing golden altar of the Shining One.
  8968 | D:6      | Found a runed translucent door.
  8969 | D:6      | Noticed Crazy Yiuf
  9051 | D:6      | Killed Crazy Yiuf
  9362 | D:7      | Found a sparkling altar of Nemelex Xobeh.
  9502 | D:7      | Found a stormy altar of Qazlal.
  9502 | D:7      | Found an opulent altar of Gozag.
  9502 | D:7      | Found a deep blue altar of Sif Muna.
  9542 | D:7      | Found a shimmering altar of Xom.
  9664 | D:7      | Reached skill level 9 in Stealth
  9732 | D:7      | Reached XP level 9. HP: 29/40 MP: 10/13
  9900 | D:7      | Found a blossoming altar of Fedhas.
 10171 | D:8      | Reached ** piety under Dithmenos
 10177 | D:8      | Found a staircase to the Lair.
 10177 | D:8      | Noticed a death yak
 10375 | D:8      | Noticed a death yak
 10376 | D:8      | Noticed a death yak
 10404 | D:8      | Reached skill level 5 in Hexes
 10487 | D:8      | Mangled by a death yak
 10488 | D:8      | Reached XP level 8. HP: -7/37 MP: 13/13
 10735 | D:8      | Reached skill level 1 in Evocations
 11076 | D:8      | Reached XP level 9. HP: 30/40 MP: 14/14
 11276 | D:8      | Noticed a two-headed ogre
 11509 | D:8      | Killed a two-headed ogre
 11509 | D:8      | Reached skill level 10 in Stealth
 11874 | D:9      | Noticed Psyche
 11877 | D:9      | Reached *** piety under Dithmenos
 12298 | D:9      | Noticed a troll
 12330 | D:9      | Killed a troll
 12634 | D:9      | HP: 1/40 [Psyche/wand of flame (10) (9)]
 12637 | D:9      | Killed from afar by Psyche
 12638 | D:9      | Reached XP level 8. HP: -9/37 MP: 15/15
 12681 | D:9      | Noticed an oklob plant
 12688 | D:9      | Reached XP level 9. HP: 36/40 MP: 16/16
 13410 | D:8      | Killed a death yak
 13410 | D:8      | Reached skill level 11 in Stealth
 13410 | D:8      | Reached skill level 5 in Invocations
 13478 | D:8      | HP: 2/40 [poisoned by a killer bee]
 13909 | D:9      | Killed Psyche
 13921 | D:9      | Gained mutation: You expend magic power (3 MP) to
                  | strengthen your wands. [potion of mutation]
 13921 | D:9      | Gained mutation: You tend to lose your temper in combat.
                  | [potion of mutation]
 13921 | D:9      | Gained mutation: Your muscles are strong. (Str +2) [potion
                  | of mutation]
 13921 | D:9      | Gained mutation: Your flesh is heat resistant. (rF+)
                  | [potion of mutation]
 13977 | D:10     | Entered Level 10 of the Dungeon
 13995 | D:10     | Reached skill level 10 in Unarmed Combat
 14158 | D:10     | Found a staircase to the Orcish Mines.
 14581 | D:9      | Reached **** piety under Dithmenos
 15220 | D:10     | Reached XP level 10. HP: 44/44 MP: 17/17
 15363 | D:10     | Lost mutation: Your flesh is heat resistant. (rF+) [potion
                  | of mutation]
 15363 | D:10     | Lost mutation: You expend magic power (3 MP) to strengthen
                  | your wands. [potion of mutation]
 15363 | D:10     | Lost mutation: You tend to lose your temper in combat.
                  | [potion of mutation]
 15363 | D:10     | Gained mutation: Your body sometimes deteriorates upon
                  | taking damage. [potion of mutation]
 15363 | D:10     | Gained mutation: You expend magic power (3 MP) to
                  | strengthen your wands. [potion of mutation]
 15363 | D:10     | Gained mutation: You have an increased reservoir of magic.
                  | (+10% MP) [potion of mutation]
 15500 | D:10     | Found a runed translucent gate.
 15500 | D:10     | Found a runed translucent gate.
 15500 | D:10     | Found a runed translucent gate.
 15500 | D:10     | Noticed Karim's ghost (journeyman NaFi)
 15844 | D:11     | Noticed an eight-headed hydra
 15846 | D:11     | Killed an eight-headed hydra
 15874 | D:11     | Noticed a gargoyle
 15885 | D:11     | Killed a gargoyle
 15931 | D:11     | Reached skill level 12 in Stealth
 16017 | D:11     | Reached ***** piety under Dithmenos
 16426 | D:11     | Noticed an unseen horror
 16431 | D:11     | Killed an unseen horror
 16739 | D:11     | Reached XP level 11. HP: 48/48 MP: 20/20
 17150 | Lair:1   | Entered Level 1 of the Lair of Beasts
 17164 | Lair:1   | Upgraded the game from 0.24-a0-10-gb84795d to
                  | 0.24-a0-22-g2a401c0
 17240 | Lair:1   | Reached skill level 13 in Stealth
 17259 | Lair:1   | Noticed a four-headed hydra
 17263 | Lair:1   | Killed a four-headed hydra
 17263 | Lair:1   | Reached skill level 5 in Evocations
 17379 | Lair:1   | Noticed Harold
 17770 | Lair:1   | Killed Harold
 18660 | Lair:2   | Noticed an eight-headed hydra
 18667 | Lair:2   | Killed an eight-headed hydra
 18846 | Lair:2   | Reached skill level 14 in Stealth
 21196 | Lair:3   | Found a staircase to the Swamp.
 21448 | Lair:3   | Gained mutation: Your thick and shaggy fur keeps you warm.
                  | (AC +3, rC+) [Felid growth]
 21448 | Lair:3   | Reached XP level 12. HP: 32/51 MP: 12/21
 23838 | Lair:4   | Found a hole to the Spider Nest.
 24748 | Lair:5   | Noticed an eight-headed hydra
 24767 | Lair:5   | Noticed Nessos
 24790 | Lair:5   | Killed an eight-headed hydra
 24808 | Lair:5   | Killed Nessos
 24808 | Lair:5   | Reached skill level 15 in Stealth
 24808 | Lair:5   | Reached skill level 10 in Hexes
 25628 | Lair:6   | Entered Level 6 of the Lair of Beasts
 26004 | Lair:6   | Noticed a four-headed hydra
 26030 | Lair:6   | Noticed a catoblepas
 26031 | Lair:6   | Noticed a death yak
 26046 | Lair:6   | Found a frozen archway.
 26086 | Lair:6   | Reached XP level 13. HP: 55/55 MP: 15/22
 26164 | IceCv    | Entered an ice cave
 26628 | IceCv    | Learned a level 5 spell: Blade Hands
 27013 | IceCv    | Killed from afar by an ice dragon
 27014 | IceCv    | Reached XP level 12. HP: 1/51 MP: 16/21
 27022 | IceCv    | Killed an ice dragon
 27022 | IceCv    | Reached skill level 1 in Transmutations
 27105 | IceCv    | Got a scorched ivory ring
 27165 | IceCv    | Identified the ring of Wariness {rPois rF+ rC+ MR+ Dex+4}
                  | (You found it in an ice cave)
 27476 | Lair:6   | Found a staircase to the Slime Pits.
 27478 | Lair:6   | Found a viscous altar of Jiyva.
 27489 | Lair:6   | Noticed a death yak
 28137 | Lair:6   | Killed a four-headed hydra
 28209 | Lair:6   | Noticed a death yak
 28244 | Lair:5   | Killed a death yak
 28531 | Lair:6   | Noticed a death yak
 28647 | Lair:6   | Reached skill level 16 in Stealth
 28903 | Lair:6   | Noticed a death yak
 28903 | Lair:6   | Noticed a death yak
 28939 | Lair:6   | Killed a death yak
 28943 | Lair:6   | Killed a death yak
 28943 | Lair:6   | Reached XP level 13. HP: 41/55 MP: 10/23
 29663 | Lair:6   | Reached skill level 5 in Spellcasting
 31186 | D:12     | Noticed Erolcha
 31197 | D:12     | Killed Erolcha
 31384 | Orc:1    | Entered Level 1 of the Orcish Mines
 31392 | Orc:1    | Found a dark tunnel.
 31806 | Volcano  | Entered a volcano
 32223 | Volcano  | Found a burning altar of Makhleb.
 32369 | Orc:1    | Noticed Snorg
 32371 | Orc:1    | Killed Snorg
 32762 | Orc:1    | Reached skill level 10 in Invocations
 33440 | D:9      | Splashed by an oklob plant's acid
 33441 | D:9      | Reached XP level 12. HP: -1/52 MP: 21/23
 34235 | Orc:1    | Found a roughly hewn altar of Beogh.
 34807 | Orc:1    | Noticed Josephine
 34825 | Orc:1    | Your ally died
 34936 | Orc:1    | Noticed Gastronok
 34941 | Orc:1    | Killed Gastronok
 35066 | Orc:2    | Entered Level 2 of the Orcish Mines
 35102 | Orc:2    | Noticed a two-headed ogre
 35103 | Orc:2    | Noticed a two-headed ogre
 35105 | Orc:2    | Killed a two-headed ogre
 35105 | Orc:2    | Reached skill level 5 in Transmutations
 35156 | Orc:1    | Killed a two-headed ogre
 35229 | Orc:1    | Reached XP level 13. HP: 54/55 MP: 9/25
 36160 | Orc:2    | Reached ****** piety under Dithmenos
 36204 | Orc:2    | Found a roughly hewn altar of Beogh.
 36405 | Orc:2    | Reached skill level 17 in Stealth
 36461 | Orc:2    | Found Amunuleufu's Antique Armour Emporium.
 36476 | Orc:2    | Found Vatusku's Food Shoppe.
 36876 | Orc:2    | Found a staircase to the Elven Halls.
 37159 | Orc:2    | Found Muocuopnu's Jewellery Shoppe.
 37165 | Orc:2    | Noticed an orc warlord
 37648 | Orc:2    | Found a roughly hewn altar of Beogh.
 37688 | Orc:2    | Found Reibb's Antique Armour Shop.
 39045 | Orc:2    | Slain by an orc warrior

Vault maps used:
D:1:      matt_arrival_refuge
D:3:      trog_eyes_of_draining, chequers_ecumenical_altar_grove,
          trog_three_pillars_becter
D:4:      grunt_temple_overflow_open, minmay_temple_entry_slanted, first_ration,
          uniq_eustachio, uniq_robin
D:6:      kennysheep_ying_yang, tso_metal_star, eat_drink_and_be_merry_uskayaw,
          uniq_crazy_yiuf_cottage
D:7:      fedhas_altar_fruit_tree, chequers_temple_overflow_statue_of_worship,
          kennysheep_mini, the_bakery
D:8:      dpeg_lair_monsters
D:9:      lemuel_slime, uniq_psyche
D:10:     erik_orc_3, ebering_ghost_rock_garden, minmay_misc_feat_roman
D:12:     uniq_erolcha
Temple:   nicolae_temple_figure_zero
Lair:1:   uniq_harold
Lair:2:   grunt_forest_stairs_basic, grunt_megastairs_3
Lair:3:   minmay_swamp_entry_swarm, roderic_batcave
Lair:4:   nicolae_spider_entry_orb_guardian, serial_bayou_pond_b
Lair:5:   serial_bayou_shore_b, uniq_nessos
Lair:6:   evilmike_catoblepas_cave, slime_altar_1,
          portal_ice_cave_entry_pillars_1
Orc:1:    nicolae_volcano_entry_hallway, minmay_orc_temple_a, uniq_josephine,
          uniq_snorg, uniq_gastronok
Orc:2:    pubby_orc_utopia
IceCv:    ice_cave_small_dragons
Volcano:  volcano_grotto

Skill      XL: |  1  2  3  4  5  6  7  8  9 10 11 12 13 |
---------------+----------------------------------------+-----
Stealth        | 1 2 3 5 6 7 9 11 12 14 16 17 | 17.3
Unarmed Combat | 5 7 8 10 11 12 13 | 13.7
Fighting       | 4 5 |  5.8
Dodging        | 5 6 7 9 |  9.5
Hexes          | 3 7 10 | 10.4
Spellcasting   | 3 4 6 5 |  6.4
Invocations    | 2 5 6 7 9 10 | 10.4
Evocations     | 1 3 4 6 7 8 |  8.5
Transmutations | 5 4 |  5.9

Action                   |  1- 3 |  4- 6 |  7- 9 | 10-12 | 13-15 || total
-------------------------+-------+-------+-------+-------+-------++-------
Melee: Unarmed           |    84 |   178 |   572 |   579 |   395 ||  1808
       Bite              |     4 |    11 |    71 |    64 |    35 ||   185
       Punch             |       |     1 |    34 |    38 |    26 ||    99
 Cast: Confusing Touch   |       |       |    41 |     8 |     2 ||    51
       Confuse           |       |       |     6 |   160 |   117 ||   283
Invok: Shadow Step       |       |       |       |     3 |     5 ||     8
Evoke: Wand              |       |       |    30 |    40 |    53 ||   123
  Use: Scroll            |       |     6 |    10 |    11 |     3 ||    30
       Potion            |       |     1 |     1 |     3 |     4 ||     9
 Stab: Sleeping          |     5 |    12 |    33 |    74 |    29 ||   153
       Confused          |       |       |    27 |    68 |    47 ||   142
       Distracted        |       |       |     3 |     3 |     7 ||    13
       Paralysed         |       |       |       |     3 |     1 ||     4
  Eat: Chunk             |    10 |     8 |    30 |    55 |    26 ||   129
Armor: Skin              |     4 |     6 |    17 |     9 |    11 ||    47
Dodge: Dodged            |    64 |   108 |   413 |   499 |   389 ||  1473

Table legend:
 A = Non-vault XP
 B = Vault XP
 C = Vault XP percentage of total XP
 D = Non-vault monster count
 E = Vault monster count
 F = Vault count percentage of total count
                 A         B        C        D         E       F
            +---------+---------+-------+---------+---------+-------
      Total |   50520 |   46013 |  47.7 |     442 |     285 |  39.2
            +---------+---------+-------+---------+---------+-------
        D:1 |      81 |       0 |   0.0 |      25 |       0 |   0.0
        D:2 |      68 |       0 |   0.0 |      28 |       0 |   0.0
        D:3 |     252 |     126 |  33.3 |      17 |       3 |  15.0
        D:4 |     279 |      37 |  11.7 |      23 |      12 |  34.3
        D:5 |     673 |       0 |   0.0 |      18 |       0 |   0.0
        D:6 |     618 |      41 |   6.2 |      17 |       1 |   5.6
        D:7 |     657 |     220 |  25.1 |      18 |       1 |   5.3
        D:8 |    2507 |    1470 |  37.0 |      42 |       6 |  12.5
        D:9 |    2295 |     934 |  28.9 |      30 |      19 |  38.8
       D:10 |    2620 |     644 |  19.7 |      22 |      17 |  43.6
       D:11 |    4521 |       0 |   0.0 |      28 |       0 |   0.0
       D:12 |    2434 |     964 |  28.4 |      17 |       1 |   5.6
     Lair:1 |    2865 |    1001 |  25.9 |      10 |       1 |   9.1
     Lair:2 |    2312 |     719 |  23.7 |      10 |       3 |  23.1
     Lair:3 |    3088 |    1088 |  26.1 |      13 |      15 |  53.6
     Lair:4 |    3351 |     939 |  21.9 |      16 |       2 |  11.1
     Lair:5 |    8464 |    2215 |  20.7 |      33 |       2 |   5.7
     Lair:6 |   11209 |    6359 |  36.2 |      36 |      15 |  29.4
      Orc:1 |    2226 |    5883 |  72.5 |      39 |      23 |  37.1
      Orc:2 |       0 |   13617 | 100.0 |       0 |     126 | 100.0
      IceCv |       0 |    5397 | 100.0 |       0 |      20 | 100.0
    Volcano |       0 |    4359 | 100.0 |       0 |      18 | 100.0
            +---------+---------+-------+---------+---------+-------
